 Dungeon Crawl Stone Soup version 0.23-a0-756-g517b432 (console) character file.

105 Voker57 the Slasher (level 4, -1/34 HPs)
             Began as a Demonspawn Gladiator on Jan 18, 2019.
             Slain by Purgy (2 damage)
             ... in a sewer.
             The game lasted 00:02:23 (2349 turns).

Voker57 the Slasher (Demonspawn Gladiator)          Turns: 2349, Time: 00:02:24

Health: -1/34      AC:  4    Str: 13 (15) XL:     4   Next: 53%
Magic:  4/4        EV: 13    Int:  8 (9)  God:
Gold:   132        SH:  0    Dex: 14 (15) Spells: 3/3 levels left

rFire    . . .     SeeInvis .   a - +0 long sword
rCold    . . .     Gourm    .   (no shield)
rNeg     . . .     Faith    .   b - +0 leather armour
rPois    .         Spirit   .   (helmet restricted)
rElec    .         Reflect  .   p - +0 cloak
rCorr    .         Harm     .   (no gloves)
MR       .....                  (no boots)
Stlth    +.........             (no amulet)
HPRegen  0.11/turn              (no ring)
MPRegen  0.09/turn              (no ring)

@: very slightly contaminated
A: horns 2
a: no special abilities


You were in a sewer.
You were not hungry.

You visited 1 branch of the dungeon, and saw 3 of its levels.
You also visited: Sewer.

You collected 132 gold pieces.

Inventory:

Hand Weapons
 a - a +0 long sword (weapon)
 r - a +0 vampiric dagger
Missiles
 i - 8 steel javelins (quivered)
Armour
 b - a +0 leather armour (worn)
 c - a +0 helmet
 p - a +0 cloak (worn)
Scrolls
 g - a scroll of enchant weapon {unknown}
 h - a scroll of fog {unknown}
 j - 3 scrolls of remove curse {unknown}
 k - a scroll of teleportation {unknown}
 l - a scroll of random uselessness {unknown}
 m - a scroll of noise {unknown}
Comestibles
 f - 6 rations
 s - 2 chunks of flesh


   Skills:
 + Level 2.9 Fighting
 * Level 3.9 Long Blades
 - Level 1.7 Throwing
 + Level 3.3 Dodging


You had 3 spell levels left.
You didn't know any spells.
Your spell library was empty.

Dungeon Overview and Level Annotations

Branches:
Dungeon (3/15)

Altars:

Annotations:
Sewer Purgy


Innate Abilities, Weirdness & Mutations

You have a pair of horns on your head.


Message History

You closely miss Purgy.
Purgy is heavily wounded.
Purgy misses you. Purgy claws you.
* * * LOW HITPOINT WARNING * * *
Purgy closely misses you.
You hit Purgy.
Purgy is severely wounded.
Purgy closely misses you. Purgy claws you but does no damage. Purgy misses you.
Purgy closely misses you. Purgy barely misses you. Purgy closely misses you.
You closely miss Purgy. You headbutt Purgy.
Purgy is severely wounded.
Purgy misses you. x2; Purgy claws you.
* * * LOW HITPOINT WARNING * * *
You hit Purgy.
Purgy is almost dead.
You flicker back into view.
Purgy bites you.
* * * LOW HITPOINT WARNING * * *
Purgy claws you.
You die...

### .... .....
$.....############
$(....T@..........
$.....####.#######
..... #.# .... #.#
### #.# #.# #.#
##.## ##...##
##.....##


You could see Purgy.

Vanquished Creatures
  3 adders (D:2)
  A river rat (D:2)
  An ooze (D:2)
  2 worms
  3 dart slugs (D:2)
  An orc (D:3)
  2 ball pythons
  10 bats
  A giant cockroach (D:2)
  7 goblins
  5 hobgoblins
  2 jackals (D:1)
  2 frilled lizards (D:1)
  5 kobolds
  6 rats
51 creatures vanquished.

Notes
Turn   | Place    | Note
-------+----------+-------------------------------------------
     0 | D:1      | Voker57 the Demonspawn Gladiator began the quest for the
                  | Orb.
     0 | D:1      | Reached XP level 1. HP: 16/16 MP: 1/1
   261 | D:1      | Gained mutation: You have a pair of small horns on your
                  | head. [demonic ancestry]
   261 | D:1      | Reached XP level 2. HP: 18/22 MP: 2/2
  1066 | D:2      | Reached XP level 3. HP: 26/28 MP: 3/3
  1621 | D:2      | Gained mutation: You have a pair of horns on your head.
                  | [demonic ancestry]
  1621 | D:2      | Reached XP level 4. HP: 34/34 MP: 4/4
  2282 | D:3      | Found a glowing drain.
  2296 | Sewer    | Entered a sewer
  2323 | Sewer    | Noticed Purgy
  2349 | Sewer    | HP: 1/34 [Purgy (5)]
  2349 | Sewer    | Slain by Purgy

Vault maps used:
D:1:      minmay_arrival_doors
D:3:      cheibrodos_sewer_entry_sluice
Sewer:    sewer_big_baddie

Skill      XL: |  1  2 |
---------------+-------+-----
Long Blades    | 3 |  3.9
Dodging        | 3 |  3.3
Fighting       | |  2.9
Throwing       | |  1.7

Action                   |  1- 3 |  4- 6 || total
-------------------------+-------+-------++-------
Melee: Long sword        |    91 |    54 ||   145
       Headbutt          |    15 |     9 ||    24
Throw: Throwing net      |       |     3 ||     3
  Use: Potion            |       |     5 ||     5
 Stab: Invisible         |       |     3 ||     3
  Eat: Ration            |     1 |       ||     1
       Chunk             |       |     1 ||     1
Armor: Leather armour    |    18 |    24 ||    42
Dodge: Dodged            |    63 |    83 ||   146
       Rpst.: Long sword |    21 |    16 ||    37

Table legend:
 A = Non-vault XP
 B = Vault XP
 C = Vault XP percentage of total XP
 D = Non-vault monster count
 E = Vault monster count
 F = Vault count percentage of total count
                 A         B        C        D         E       F
            +---------+---------+-------+---------+---------+-------
      Total |     123 |      27 |  18.0 |      43 |       8 |  15.7
            +---------+---------+-------+---------+---------+-------
        D:1 |      33 |       0 |   0.0 |      20 |       0 |   0.0
        D:2 |      85 |      13 |  13.3 |      21 |       1 |   4.5
        D:3 |       5 |       6 |  54.5 |       2 |       2 |  50.0
      Sewer |       0 |       8 | 100.0 |       0 |       5 | 100.0
            +---------+---------+-------+---------+---------+-------
